 Dungeon Crawl Stone Soup version 0.32-a0-42-ga30500b4d3 (webtiles) character file.

Game seed: 6005421932513895366

258894 whatisthis the Slayer (level 19, -4/172 HPs)
             Began as a Merfolk Brigand on Jan 28, 2024.
             Was a High Priest of Okawaru.
             Killed from afar by an ironbound thunderhulk (57 damage)
             ... with a bolt of lightning
             ... on level 1 of the Vaults on Jan 29, 2024.
             The game lasted 02:15:17 (40805 turns).

whatisthis the Slayer (Merfolk Brigand)            Turns: 40805, Time: 02:15:17

Health: -4/172     AC: 19    Str: 12    XL:     19   Next: 88%
Magic:  27/27      EV: 26    Int: 11    God:    Okawaru [*****.]
Gold:   2037       SH: 21    Dex: 29    Spells: 18/18 levels left

rFire   + . .        q - +5 double sword (drain)
rCold   + . .        b - +0 kite shield of Purpose {rPois Will+}
rNeg    . . .        j - +2 scale mail {Will+}
rPois   +            T - +0 mask of the Dragon {Will+ Slay+3 SInv}
rElec   .            y - scarf {rC+ rF+}
rCorr   .            h - +2 pair of gloves "Pedenk" {+Inv rPois Will- Dex+7}
SInv    +            H - +2 pair of boots
Will    +++..        f - amulet of reflection
Stlth   ++           u - +4 ring of protection
HPRegen 0.48/turn    D - +5 ring of evasion
MPRegen 0.20/turn

%: reflection
@: about to teleport
A: (nimble swimmer 2), mertail
}: 2/15 runes: decaying, serpentine
a: Renounce Religion, Evoke Invisibility, Heroism, Finesse, Duel


You were on level 1 of the Vaults.
You worshipped Okawaru.
Okawaru was extremely pleased with you.
You visited 7 branches of the dungeon, and saw 32 of its levels.
You also visited: Ossuary.

You collected 3202 gold pieces.
You spent 1165 gold pieces at shops.

Inventory:

Hand Weapons
 q - a +5 double sword of draining (weapon)
Missiles
 d - 57 poisoned darts
 e - 8 curare-tipped darts
 r - 26 javelins
 L - 6 darts of dispersal
 R - 26 boomerangs (quivered)
 W - 16 silver javelins
Armour
 b - the +0 kite shield of Purpose (worn) {rPois Will+}
   (You took it off Donald on level 2 of the Swamp)

   rPois:     It protects you from poison Will+: It increases your willpower.
 c - a +2 cloak
 h - the +2 pair of gloves "Pedenk" (worn) {+Inv rPois Will- Dex+7}
   (You acquired it on level 7 of the Dungeon)

   Dex+7:     It affects your dexterity (+7).
   rPois:     It protects you from poison Will-: It decreases your willpower.
   +Inv:      It lets you turn invisible.
 j - a +2 scale mail of willpower (worn)
 y - a scarf of resistance (worn)
 F - a +3 kite shield of protection
 H - a +2 pair of boots (worn)
 N - +0 steam dragon scales
 T - the +0 mask of the Dragon (worn) {Will+ Slay+3 SInv}
   (You acquired it on level 5 of the Lair of Beasts)

   Slay+3:    It affects your accuracy & damage with ranged weapons and melee
   (+3).
   Will+:     It increases your willpower.
   SInv:      It lets you see invisible.
Jewellery
 a - a ring of flight
 f - an amulet of reflection (around neck)
 u - a +4 ring of protection (left hand)
 v - the ring "Beam" {rF++ SInv}
   (You found it on level 4 of the Swamp)

   [ring of see invisible]

   rF++:      It greatly protects you from fire.
   SInv:      It lets you see invisible.
 D - a +5 ring of evasion (right hand)
 P - a ring of ice
Wands
 E - a wand of roots (36)
 G - a wand of polymorph (16)
 O - a wand of acid (20)
 Q - a wand of mindburst (7)
 X - a wand of digging (6)
Scrolls
 k - 7 scrolls of teleportation
 t - 8 scrolls of fear
 w - a scroll of enchant armour
 z - 3 scrolls of silence
 I - 5 scrolls of fog
 J - a scroll of blinking
 K - 6 scrolls of poison
 M - 5 scrolls of vulnerability
 U - 5 scrolls of revelation
 Z - 2 scrolls of torment
Potions
 g - 18 potions of curing
 i - 7 potions of magic
 l - 7 potions of heal wounds
 m - 2 potions of cancellation
 n - 5 potions of berserk rage
 o - 7 potions of attraction
 p - 6 potions of haste
 s - 6 potions of might
 x - 3 potions of mutation
 A - 3 potions of ambrosia
 B - a potion of invisibility
 C - 5 potions of brilliance
 S - 3 potions of lignification
 V - 5 potions of enlightenment
 Y - 2 potions of resistance


   Skills:
 + Level 21.3 Fighting
 - Level 2.4(12.1) Short Blades
 - Level 18.2 Long Blades
 + Level 14.1 Throwing
 - Level 3.0 Armour
 - Level 17.0 Dodging
 - Level 4.3 Stealth
 - Level 14.1 Shields
 + Level 10.9 Invocations


You had 18 spell levels left.
You didn't know any spells.
Your spell library contained the following spells:

 Spells                   Type           Power      Damage    Failure   Level
 Apportation              Tloc           0%         N/A       98%         1
 Foxfire                  Conj/Fire      0%         2x1d4     98%         1
 Kiss of Death            Conj/Necr      0%         2d5       98%         1
 Necrotise                Necr           0%         1d4       98%         1
 Shock                    Conj/Air       0%         1d3       98%         1
 Sting                    Conj/Alch      0%         1d3       98%         1
 Confusing Touch          Hex            0%         N/A       100%        3
 Dazzling Flash           Conj/Hex       0%         N/A       100%        3
 Frozen Ramparts          Ice            0%         1d1       100%        3
 Hailstorm                Conj/Ice       0%         3d5       100%        3
 Mephitic Cloud           Conj/Alch/Air  0%         N/A       100%        3
 Swiftness                Air            0%         N/A       100%        3
 Vampiric Draining        Necr           0%         2d6       100%        3
 Airstrike                Air            0%         2d(0-16)  100%        4
 Brom's Barrelling Bould  Conj/Erth      0%         2d3       100%        4
 Dimensional Bullseye     Hex/Tloc       0%         N/A       100%        4
 Dispel Undead            Necr           0%         3d6       100%        4
 Iskenderun's Mystic Bla  Conj/Tloc      0%         2d3       100%        4
 Leda's Liquefaction      Alch/Erth      0%         N/A       100%        4
 Passage of Golubria      Tloc           0%         N/A       100%        4
 Petrify                  Alch/Erth      0%         N/A       100%        4
 Curse of Agony           Necr           0%         N/A       100%        5
 Fireball                 Conj/Fire      0%         3d3       100%        5
 Iskenderun's Battlesphe  Conj           0%         2d6       100%        5
 Metabolic Englaciation   Hex/Ice        0%         N/A       100%        5
 Silence                  Hex/Air        0%         N/A       100%        5
 Conjure Ball Lightning   Conj/Air       0%         3x3d6     100%        6
 Plasma Beam              Fire/Air       0%         2x1d10    100%        6
 Starburst                Conj/Fire      0%         6d3       100%        6
 Orb of Destruction       Conj           0%         9d5       100%        7
 Lehudib's Crystal Spear  Conj/Erth      0%         10d2      100%        8
 Summon Small Mammal      Summ           Unusable   N/A       N/A         1
 Summon Ice Beast         Ice/Summ       Unusable   N/A       N/A         3
 Tukima's Dance           Hex            Unusable   N/A       N/A         3
 Martyr's Knell           Necr/Summ      Unusable   N/A       N/A         4
 Sculpt Simulacrum        Ice/Alch       Unusable   N/A       N/A         6

Dungeon Overview and Level Annotations

Branches:
Dungeon (15/15)            Temple (1/1) D:5            Lair (5/5) D:11
  Swamp (4/4) Lair:2        Snake (4/4) Lair:3        Slime (0/5) Lair:4
    Orc (2/2) D:10            Elf (0/3) Orc:2        Vaults (1/5) D:14
 Depths (0/4) D:15        Ossuary (visited)

Altars:
Ashenzari
Cheibriados
Dithmenos
Elyvilon
Fedhas
Gozag
Hepliaklqana
Kikubaaqudgha
Makhleb
Nemelex Xobeh
Okawaru
Qazlal
Ru
Sif Muna
Trog
Uskayaw
Vehumet
Wu Jian
Xom
Yredelemnul
Zin
The Shining One

Shops:
D:14 :   Orc:1 =   Orc:2 ?((*   Snake:1 !   Snake:2 =

Portals:
Trove: D:14 (give 16 scrolls of teleportation)

Annotations:
D:7 1 runed translucent door, Crazy Yiuf
D:8 3 runed translucent doors, DeathSocks's ghost, novice MiHu
D:9 exclusion: door
Lair:1 Nergalle
Lair:4 exclusion: 3 oklob plants
Lair:5 exclusion: oklob plant
Swamp:1 Roxanne
Vaults:1 3 runed translucent doors, exclusion: door


Innate Abilities, Weirdness & Mutations

((You are very nimble when in or above water. (Stealth+, EV+, Speed+++)))
Your lower body shifts to a powerful aquatic tail in water.


Message History

The vault warden seems to grow stronger.
An arcanist comes into view. It is wielding a +0 dagger.
You block the vault warden's attack.
An ironbound thunderhulk comes into view.
It is wielding a +0 dire flail.
You block the vault warden's attack.
The arcanist casts a spell.
The arcanist seems to speed up.
You block the ironbound convoker's attack.
The vault warden hits you with a +1 great sword of electrocution!
Things that are here:
a +0 great mace; a +0 scale mail; a human corpse You open the ironbound convoker like a pillowcase!!!
You kill the ironbound convoker!
Okawaru accepts your kill. You block the vault warden's attack. x2
The vault warden attacks as it pursues you!
The vault warden hits you with a +1 great sword of holy wrath!!
The vault warden hits you with a +1 great sword of electrocution!!
The vault warden attacks as it pursues you!
The vault warden hits you with a +1 great sword of electrocution!!!
* * * LOW HITPOINT WARNING * * *
Unknown command.
The vault sentinel blows a loud note on a signal horn!
Strange energies crackle from the ironbound thunderhulk's apparatus.
The ironbound thunderhulk blinks!
The vault warden attacks as it pursues you!
You block the vault warden's attack.
As you read the scroll of teleportation, it crumbles to dust.
You feel strangely unstable.
The vault warden activates a sealing rune.
The doors slam shut!
Unknown command.
You slice the vault warden!!
The vault warden is moderately wounded.
You barely miss the vault warden.
The vault warden is moderately wounded.
You block the arcanist's attack.
Electricity crackles from the ironbound thunderhulk's apparatus.
The bolt of lightning hits you!!!
You die...

..................[..............
.###''##########.................
.# #.......# #.^...............
.# #.......# #.................
.# #.......# #.................
.# #.......# #.................
.# #.......# #.............####
.# #.......# #.............# .#
######### #@p..........## .#
#pp...)†.....# .# #.)###+#####.#
.# #p.#...#...#.# .#
########.§#...#...#.# .#
.......+O.###...###.# .#
.p.....#..#...#...#.# .#
.p..p..#..#...#...#.# .#
##.##.##..###...###.#


You could see 2 vault wardens, an ironbound thunderhulk, a vault sentinel
(strong, catching breath) and an arcanist (fast).

Vanquished Creatures
  Bai Suzhen (Snake:3)
  Nikola (Snake:4)
  Mlioglotl (Snake:3)
  Asterion (Vaults:1)
  A thorn hunter (Swamp:4)
  Gastronok (Lair:1)
  The ghost of VoidStrider the Devastator, an adept TeAE of Ignis (Swamp:4)
  Aizul (Snake:4)
  2 nagarajas
  Donald (Swamp:2)
  5 fenstrider witches
  Louise (Snake:1)
  3 vault wardens (Vaults:1)
  A formless jellyfish (Vaults:1)
  2 ironbound preservers (D:14)
  An angel (Vaults:1)
  A very ugly thing (D:15)
  4 eleionomae
  Nessos (D:14)
  A dire elephant (Vaults:1)
  4 bunyips
  A green death (Swamp:4)
  A blizzard demon (Swamp:4)
  A yaktaur captain (Vaults:1)
  An ice dragon (D:14)
  8 vault guards (D:14)
  3 rakshasas
  9 hydras
  A peacekeeper (Vaults:1)
  3 ogre magi (Swamp:4)
  8 salamander tyrants
  10 alligators
  2 spriggan air magi (Swamp:4)
  3 ghost crabs
  21 anacondas
  A tengu warrior (D:15)
  2 two-headed ogres
  2 ironbound frosthearts (Vaults:1)
  3 boulder beetles
  8 centaur warriors
  An orc high priest (Orc:1)
  7 shock serpents
  24 naga warriors
  19 naga sharpshooters
  An occultist (Swamp:4)
  A soul eater (Swamp:4)
  3 goliath frogs
  2 skysharks
  A sixfirhy (Swamp:4)
  4 skeletal warriors
  8 deep trolls (D:14)
  2 sea snakes (Snake:1)
  6 spriggan druids
  3 bog bodies
  A glowing orange brain (D:15)
  3 swamp dragons
  10 salamander mystics
  12 naga ritualists
  An arcanist (D:14)
  8 lindwurms
  15 mana vipers
  Pikel (D:4)
  3 phantasmal warriors (Snake:2)
  2 deep elf pyromancers
  5 ironbound convokers
  3 orc knights
  A wolf spider (D:15)
  24 salamanders
  2 orc sorcerers (Swamp:4)
  5 cyclopes
  7 will-o-the-wisps
  15 ugly things
  Maurice (Orc:1)
  5 vault sentinels
  4 kobold blastminers
  2 elephants (Lair:2)
  6 meliai
  3 manticores
  10 guardian serpents
  2 smoke demons (Swamp:4)
  2 orange demons (Swamp:4)
  48 black mambas
  3 gargoyles
  29 naga magi
  2 torpor snails (Lair:5)
  2 unseen horrors
  13 cane toads
  A kobold demonologist (D:12)
  A spectral naga (Snake:2)
  3 yaktaurs
  2 rime drakes (Lair:2)
  8 komodo dragons
  5 trolls
  5 polar bears
  5 tyrant leeches
  18 hornets
  3 hellwings (Swamp:4)
  3 blink frogs (Lair:5)
  4 dream sheep
  20 slime creatures
  24 spriggans
  2 water elementals (D:14)
  A wyvern (Lair:5)
  A vampire (D:13)
  37 yaks
  2 shadows
  3 basilisks
  2 wargs (Orc:1)
  2 steam dragons
  A wraith (D:12)
  9 vampire mosquitoes
  A redback (shapeshifter) (D:15)
  17 swamp worms
  46 nagas
  3 chaos spawn (Swamp:4)
  12 water moccasins
  2 acid dragons
  Duvessa (D:7)
  2 swamp drakes
  An ice beast (D:8)
  2 laughing skulls (D:14)
  5 black bears
  38 orc warriors
  6 ogres
  A crocodile (D:7)
  13 centaurs
  4 boggarts (Lair:5)
  39 wolves
  A phantom (D:6)
  A weeping skull (Ossuary)
  9 bullfrogs
  A kobold brigand (D:9)
  4 gnoll sergeants
  2 water moccasin zombies (Ossuary)
  A scorpion (D:6)
  17 wights
  Dowan (D:7)
  13 killer bees
  5 electric eels
  2 howler monkeys
  A jelly (D:5)
  A hound (D:5)
  13 orc priests
  4 iguanas
  10 orc wizards
  2 bullfrog simulacra (Ossuary)
  2 mummies (Ossuary)
  16 gnolls
  3 adders
  A shadow imp (D:6)
  17 white imps
  2 ufetubi (D:6)
  6 adder zombies (Ossuary)
  2 dart slugs
  54 orcs
  4 endoplasms
  4 giant cockroaches
  9 gnoll zombies (Ossuary)
  3 goblins
  A quokka (D:5)
  4 ball pythons
  3 bats
  8 frilled lizards
  3 jackal zombies (Ossuary)
  8 kobolds
  3 orc zombies (Ossuary)
  2 rats
1053 creatures vanquished.

Vanquished Creatures (others)
  An alligator (Swamp:1)
  A deep elf pyromancer (D:14)
  A naga mage (Snake:4)
  3 bloated husks
  2 nagas (Snake:4)
  A swamp drake (Swamp:2)
  2 howler monkeys (D:10)
  24 foxfires
35 creatures vanquished.

Grand Total: 1088 creatures vanquished

Notes
Turn   | Place    | Note
-------+----------+-------------------------------------------
     0 | D:1      | whatisthis the Merfolk Brigand began the quest for the Orb.
     0 | D:1      | Reached XP level 1. HP: 16/16 MP: 1/1
   296 | D:1      | Reached skill level 1 in Long Blades
   296 | D:1      | Reached XP level 2. HP: 23/23 MP: 2/2
  1018 | D:2      | Reached XP level 3. HP: 28/28 MP: 3/3
  1401 | D:3      | Found a shimmering blue altar of Sif Muna.
  1840 | D:3      | Reached skill level 3 in Fighting
  2160 | D:4      | Found a white marble altar of Elyvilon.
  2160 | D:4      | Found a shadowy altar of Dithmenos.
  2335 | D:3      | Reached XP level 4. HP: 19/35 MP: 4/4
  2526 | D:4      | Noticed a black bear
  2539 | D:4      | Killed a black bear
  2540 | D:4      | Reached skill level 4 in Fighting
  2540 | D:4      | Reached XP level 5. HP: 39/42 MP: 5/5
  2958 | D:4      | Reached XP level 6. HP: 48/48 MP: 6/6
  2961 | D:4      | Noticed Pikel
  3157 | D:4      | Killed Pikel
  3158 | D:4      | Reached skill level 5 in Fighting
  3158 | D:4      | Reached skill level 5 in Long Blades
  3158 | D:4      | Reached XP level 7. HP: 35/56 MP: 7/7
  3313 | D:4      | Identified the +9 dagger "Kaefinoz" {protect, rF+ MP+9
                  | Str-4}
  3571 | D:5      | Entered Level 5 of the Dungeon
  3593 | D:5      | Found a sand-covered staircase.
  3598 | Ossuary  | Entered an ossuary
  3730 | Ossuary  | Reached skill level 6 in Fighting
  3730 | Ossuary  | Reached XP level 8. HP: 64/64 MP: 8/8
  4391 | D:5      | Found a staircase to the Ecumenical Temple.
  4398 | Temple   | Entered the Ecumenical Temple
  4407 | Temple   | Became a worshipper of Warmaster Okawaru
  4636 | D:5      | Reached skill level 7 in Fighting
  5247 | D:6      | Reached XP level 9. HP: 67/72 MP: 9/9
  5607 | D:6      | Reached * piety under Okawaru
  5744 | D:7      | Found a runed translucent door.
  5745 | D:7      | Noticed Crazy Yiuf
  5774 | D:7      | Noticed Dowan
  5777 | D:7      | Noticed Duvessa
  5801 | D:7      | Killed Duvessa
  5802 | D:7      | Reached skill level 8 in Fighting
  5807 | D:7      | Killed Dowan
  6136 | D:7      | Noticed a komodo dragon
  6243 | D:7      | Killed a komodo dragon
  6243 | D:7      | Reached ** piety under Okawaru
  6361 | D:7      | Reached skill level 10 in Dodging
  6504 | D:7      | Found a burning altar of Makhleb.
  6809 | D:7      | Identified a scroll of acquirement
  6810 | D:7      | Acquired the +2 pair of gloves "Pedenk" {+Inv rPois Will-
                  | Dex+7}
  6875 | D:8      | Found a sparkling altar of Nemelex Xobeh.
  6885 | D:8      | Reached skill level 9 in Fighting
  7076 | D:8      | Reached XP level 10. HP: 83/83 MP: 10/10
  7277 | D:8      | Found a runed translucent gate.
  7277 | D:8      | Found a runed translucent gate.
  7278 | D:8      | Found a runed translucent gate.
  7486 | D:8      | Noticed DeathSocks's ghost (novice MiHu)
  7744 | D:8      | Killed an unseen horror
  7892 | D:8      | Found a sacrificial altar of Ru.
  8112 | D:9      | Reached skill level 10 in Long Blades
  8199 | D:9      | Noticed a gargoyle
  8203 | D:9      | Killed a gargoyle
  8341 | D:9      | Reached *** piety under Okawaru
  8342 | D:9      | Reached skill level 10 in Fighting
  9124 | D:9      | Reached **** piety under Okawaru
  9334 | D:9      | Reached skill level 1 in Shields
  9464 | D:10     | Entered Level 10 of the Dungeon
  9495 | D:9      | Reached XP level 11. HP: 92/92 MP: 11/11
  9668 | D:10     | Reached skill level 11 in Fighting
  9942 | D:10     | Reached ***** piety under Okawaru
  9993 | D:10     | Found a staircase to the Orcish Mines.
 10767 | D:11     | Noticed a red ugly thing
 10817 | D:10     | Killed a red ugly thing
 10895 | D:11     | Found an ornate altar of the Wu Jian Council.
 10974 | D:11     | Noticed a two-headed ogre
 10982 | D:11     | Killed a two-headed ogre
 10982 | D:11     | Received a gift from Okawaru
 11014 | D:11     | Found a staircase to the Lair.
 11387 | D:12     | Noticed a green ugly thing
 11713 | Lair:1   | Entered Level 1 of the Lair of Beasts
 11872 | Lair:1   | Reached skill level 5 in Shields
 12008 | Lair:1   | Noticed Gastronok
 12031 | Lair:1   | Killed Gastronok
 12032 | Lair:1   | Reached skill level 12 in Fighting
 12214 | Lair:1   | Noticed Nergalle
 12626 | Lair:2   | Received a gift from Okawaru
 12627 | Lair:2   | Reached XP level 12. HP: 102/102 MP: 12/12
 13134 | Lair:2   | Received a gift from Okawaru
 13203 | Lair:2   | Found a staircase to the Swamp.
 13646 | Lair:2   | Reached skill level 13 in Fighting
 13685 | Lair:2   | Found a runed translucent door.
 14176 | Lair:3   | Found a staircase to the Snake Pit.
 14337 | Lair:3   | Noticed a five-headed hydra
 14347 | Lair:3   | Noticed a skyshark
 14457 | Lair:3   | Found a hide-covered altar of Uskayaw.
 14459 | Lair:3   | Found an ornate altar of the Wu Jian Council.
 14604 | Lair:3   | Received a gift from Okawaru
 14775 | Lair:3   | Killed a skyshark
 14984 | Lair:4   | Noticed a five-headed hydra
 15091 | Lair:4   | Noticed an eight-headed hydra
 15106 | Lair:4   | Noticed a five-headed hydra
 15128 | Lair:4   | Killed a five-headed hydra
 15129 | Lair:4   | Reached XP level 13. HP: 81/112 MP: 13/13
 15279 | Lair:4   | Reached skill level 14 in Fighting
 15389 | Lair:4   | Found a staircase to the Slime Pits.
 15443 | Lair:4   | Identified the death talisman "Ulegeb" {rF- Str+2 Dex+4}
 15527 | Lair:5   | Entered Level 5 of the Lair of Beasts
 15592 | Lair:5   | Received a gift from Okawaru
 15623 | Lair:5   | Reached skill level 15 in Long Blades
 16818 | Lair:5   | Received a gift from Okawaru
 17168 | Lair:5   | Reached skill level 15 in Fighting
 17294 | Lair:5   | Acquired the +0 mask of the Dragon {Will+ Slay+3 SInv}
 17294 | Lair:5   | Found the +0 mask of the Dragon {Will+ Slay+3 SInv}
 17854 | Lair:4   | Reached skill level 15 in Dodging
 17854 | Lair:4   | Reached XP level 14. HP: 79/123 MP: 12/14
 19375 | D:13     | Reached ****** piety under Okawaru
 19387 | D:13     | Received a gift from Okawaru
 19402 | D:13     | Acquired a +2 double sword of draining
 19402 | D:13     | Received a gift from Okawaru
 19524 | D:13     | Reached skill level 5 in Throwing
 19997 | D:13     | Received a gift from Okawaru
 20338 | D:14     | Found a portal to a secret trove of treasure.
 20535 | D:14     | Acquired a scarf of resistance
 20535 | D:14     | Received a gift from Okawaru
 20911 | D:14     | Received a gift from Okawaru
 21059 | D:14     | Found a gate to the Vaults.
 21094 | D:14     | Reached skill level 16 in Fighting
 21335 | D:14     | Found Osiluup's Self-Published Books.
 21431 | D:14     | Reached XP level 15. HP: 131/131 MP: 15/15
 21668 | D:14     | Received a gift from Okawaru
 21678 | D:14     | Noticed Nessos
 21693 | D:14     | Killed Nessos
 22120 | D:14     | Identified the +4 orcbow of Triumph {speed, *Corrode Will+
                  | Str+2 Dex+4}
 22182 | D:15     | Entered Level 15 of the Dungeon
 22807 | D:15     | Received a gift from Okawaru
 23055 | D:15     | Found a staircase to the Depths.
 23072 | D:15     | Reached skill level 1 in Armour
 23672 | Orc:1    | Entered Level 1 of the Orcish Mines
 23768 | Orc:1    | Received a gift from Okawaru
 24141 | Orc:1    | Found Piumoeto's Jewellery Shoppe.
 24273 | Orc:2    | Entered Level 2 of the Orcish Mines
 24273 | Orc:2    | Noticed Maurice
 24294 | Orc:1    | Killed Maurice
 24504 | Orc:2    | Reached skill level 17 in Fighting
 24876 | Orc:2    | Found a staircase to the Elven Halls.
 25213 | Orc:2    | Found Lelomimen's Magic Scroll Emporium.
 25224 | Orc:2    | Found Ranou's Weapon Boutique.
 25224 | Orc:2    | Found Voenahod's Antique Weapon Shoppe.
 25226 | Orc:2    | Found Zoeha's General Store.
 25255 | Orc:2    | Bought a scroll of fear for 56 gold pieces
 25255 | Orc:2    | Bought a scroll of noise for 14 gold pieces
 25255 | Orc:2    | Bought a scroll of enchant weapon for 105 gold pieces
 25255 | Orc:2    | Bought a scroll of teleportation for 42 gold pieces
 25255 | Orc:2    | Bought a scroll of identify for 28 gold pieces
 25255 | Orc:2    | Bought a scroll of enchant weapon for 105 gold pieces
 25255 | Orc:2    | Bought a scroll of identify for 28 gold pieces
 25255 | Orc:2    | Bought a scroll of identify for 28 gold pieces
 25265 | Orc:2    | Bought a potion of haste for 130 gold pieces
 25265 | Orc:2    | Bought a scroll of identify for 26 gold pieces
 25265 | Orc:2    | Bought 6 boomerangs for 156 gold pieces
 25265 | Orc:2    | Bought a potion of curing for 39 gold pieces
 25561 | Swamp:1  | Entered Level 1 of the Swamp
 25743 | Lair:2   | Reached skill level 1 in Invocations
 25946 | Swamp:1  | Received a gift from Okawaru
 26187 | Swamp:1  | Noticed Roxanne
 26193 | Swamp:1  | Identified the amulet of Vampiric Thralls {RegenMP Rampage}
 26554 | Swamp:2  | Reached XP level 16. HP: 141/141 MP: 18/18
 26733 | Swamp:2  | Noticed a fenstrider witch
 26739 | Swamp:2  | Paralysed by a fenstrider witch for 3 turns
 27057 | Swamp:2  | Paralysed by a fenstrider witch for 3 turns
 27062 | Swamp:2  | Killed a fenstrider witch
 27078 | Swamp:2  | Received a gift from Okawaru
 27687 | Swamp:3  | Identified the +0 kite shield of Purpose {rPois Will+}
 27687 | Swamp:3  | Noticed Donald
 27783 | Swamp:2  | Killed Donald
 28062 | Swamp:3  | Reached skill level 5 in Invocations
 28195 | Swamp:3  | Noticed a fenstrider witch
 28202 | Swamp:3  | Killed a fenstrider witch
 28226 | Swamp:3  | Received a gift from Okawaru
 28405 | Swamp:4  | Entered Level 4 of the Swamp
 28517 | Swamp:4  | Found a runed translucent door.
 28522 | Swamp:4  | Noticed VoidStrider's ghost (adept TeAE)
 28697 | Swamp:4  | Noticed a thorn hunter
 28707 | Swamp:4  | Killed a thorn hunter
 28708 | Swamp:4  | Reached skill level 18 in Fighting
 28883 | Swamp:4  | Noticed a fenstrider witch
 28913 | Swamp:4  | Noticed a fenstrider witch
 28922 | Swamp:4  | Killed a fenstrider witch
 28932 | Swamp:4  | Killed a fenstrider witch
 29096 | Swamp:4  | Received a gift from Okawaru
 29190 | Swamp:4  | Noticed a fenstrider witch
 29205 | Swamp:4  | Killed a fenstrider witch
 29206 | Swamp:4  | Reached XP level 17. HP: 133/151 MP: 20/22
 29213 | Swamp:4  | Got a decaying rune of Zot
 29765 | Swamp:4  | Killed VoidStrider's ghost
 29765 | Swamp:4  | Received a gift from Okawaru
 29766 | Swamp:4  | Reached skill level 10 in Shields
 29774 | Swamp:4  | Identified the ring "Beam" {rF++ SInv}
 30028 | Swamp:4  | Identified the +1 falchion of Dyniusha {drain, Int+3}
 30154 | Snake:1  | Entered Level 1 of the Snake Pit
 30385 | Snake:1  | Found Ulotetohy's Distillery.
 30404 | Snake:1  | Reached skill level 10 in Throwing
 30427 | Snake:1  | Bought 2 potions of curing for 72 gold pieces
 30427 | Snake:1  | Bought a potion of enlightenment for 60 gold pieces
 30427 | Snake:1  | Bought a potion of enlightenment for 60 gold pieces
 30427 | Snake:1  | Bought a potion of haste for 120 gold pieces
 30427 | Snake:1  | Bought a potion of curing for 36 gold pieces
 30427 | Snake:1  | Bought a potion of berserk rage for 60 gold pieces
 30907 | Snake:1  | Received a gift from Okawaru
 31039 | Snake:1  | Noticed Louise
 31048 | Snake:1  | Killed Louise
 31581 | Snake:1  | Reached skill level 19 in Fighting
 31603 | Snake:1  | Received a gift from Okawaru
 33177 | Snake:2  | Reached XP level 18. HP: 136/160 MP: 25/25
 33573 | Snake:2  | Received a gift from Okawaru
 33616 | Snake:2  | Reached skill level 10 in Invocations
 33941 | Snake:2  | Found Rotroixouch's Jewellery Emporium.
 34517 | Snake:3  | Noticed Mlioglotl
 34532 | Snake:3  | Killed Mlioglotl
 34623 | Snake:3  | Received a gift from Okawaru
 34778 | Snake:3  | Found a broken altar of Ashenzari.
 35314 | Snake:3  | Found a basalt altar of Yredelemnul.
 35900 | Snake:3  | Received a gift from Okawaru
 36023 | Snake:4  | Entered Level 4 of the Snake Pit
 36172 | Snake:4  | Reached skill level 20 in Fighting
 36406 | Snake:4  | Identified the serpent talisman of Peifoif {rElec rF+ rN+
                  | Slay-4 SInv}
 36406 | Snake:4  | Noticed Aizul
 36429 | Snake:4  | Killed Aizul
 36657 | Snake:4  | Noticed Bai Suzhen
 36658 | Snake:4  | Noticed Nikola
 37081 | Snake:3  | Killed Bai Suzhen
 37171 | Snake:4  | Killed Nikola
 37490 | Snake:4  | Reached XP level 19. HP: 121/169 MP: 26/26
 37787 | Snake:4  | Received a gift from Okawaru
 38351 | Snake:4  | HP: 7/170 [anaconda (14)]
 38747 | Snake:4  | Received a gift from Okawaru
 39103 | Snake:4  | Got a serpentine rune of Zot
 39569 | Vaults:1 | Entered Level 1 of the Vaults
 39830 | D:14     | Reached skill level 21 in Fighting
 39847 | D:14     | Received a gift from Okawaru
 40047 | Vaults:1 | Noticed Asterion
 40058 | Vaults:1 | Killed Asterion
 40215 | Vaults:1 | Found a runed translucent gate.
 40215 | Vaults:1 | Found a runed translucent gate.
 40215 | Vaults:1 | Found a runed translucent gate.
 40805 | Vaults:1 | Killed from afar by an ironbound thunderhulk

Illustrated notes

Levels and vault maps discovered:
D:1:      giann_forest_graveyard, layout_loops_ring, minmay_misc_feat_room
D:2:      layout_basic
D:3:      minmay_diamond_boxcup, layout_loops_ring, mainiacjoe_overflow_paths
D:4:      layout_loops_corners, mainiacjoe_overflow_divided_tiny, uniq_pikel
D:5:      layout_basic, minmay_temple_entry_butterflies, enter_ossuary_2
D:6:      layout_basic, hangedman_decor_diamond_cutter
D:7:      layout_rooms, general_overflow_altar, minmay_lizard_king,
          uniq_crazy_yiuf_cottage, uniq_duvessa
D:8:      layout_loops_cross, nicolae_ru_the_path_less_chosen,
          nemelex_xobeh_ov_fountains_minmay, gammafunk_ghost_spectres
D:9:      layout_gridville, grunt_tough_drop
D:10:     lemuel_flame_loot_2, layout_rooms, david_orc_5
D:11:     layout_basic, dpeg_oklobed_lair, nzn_wu_jian_contemplation
D:12:     layout_stronghold, portal_ice_cave_entry_imps, hex_large
D:13:     layout_irregular_city, evilmike_minifort
D:14:     dragon1_lemuel, layout_loops_corners, erik_vaults_2,
          nicolae_trove_entry_isolated, serial_park_square1
          [serial_park_minivault_5x5_1], nicolae_custom_books, uniq_nessos
D:15:     gammafunk_enter_depths_forms, layout_irregular_city, serial_glass,
          glass_columns_b, glass_columns_c, glass_columns_a, glass_columns_a,
          glass_columns_a, glass_columns_b, glass_columns_c, glass_columns_a,
          serial_library_hellmonk_hallway_b
Temple:   nicolae_temple_superstar
Lair:1:   layout_hall_layers, uniq_gastronok, uniq_nergalle
Lair:2:   gammafunk_lair_enchanted_lake, layout_cave_pods, swamp_mist
Lair:3:   layout_regular_city, guppyfry_snake_entry_island,
          nzn_masters_of_martial_movement, grunt_megastairs_3,
          infiniplex_staircase_pool_2
Lair:4:   layout_roguey, minmay_slime_entry_oklob_open
Lair:5:   minmay_lair_end_enchanted_forest, layout_gridlike,
          chequers_serial_rivers_large_a, lemuel_fruit_tree
Swamp:1:  layout_falls_marsh, evilmike_swamp_ruin_rubble_1, uniq_roxanne
Swamp:2:  layout_falls_marsh, nicolae_swamp_big_swirl
Swamp:3:  layout_basic_swamp, hangedman_swamp_pad, uniq_donald
Swamp:4:  nzn_swamp_witches_coven, layout_basic_swamp,
          ebering_ghost_reflecting_pool, nzn_swamp_dancing_lights
Snake:1:  layout_layer_cave, serial_shops, shop, nicolae_snake_double_loop,
          nicolae_snake_magic_snake_eye, grunt_megastairs_2,
          serial_bayou_shore_a, uniq_louise
Snake:2:  layout_onion_interference, nicolae_snake_ghostly_warrior_ritual,
          serial_bayou_shore_b, minmay_shop_star
Snake:3:  layout_layer_cave, hangedman_feature_mirror,
          serial_library_regret_index_turning, nicolae_snake_coiling_death,
          uniq_mlioglotl
Snake:4:  snake_pit_salamanders_mu, layout_onion, uniq_aizul, uniq_bai_suzhen,
          uniq_nikola
Orc:1:    layout_caves, serial_shops, nicolae_shop_rolling_square
Orc:2:    st_orc_rangers, layout_diamond_mine, special_room, uniq_maurice
Vaults:1: nicolae_vaults_diamond_1, nicolae_vaults_border_crossing,
          abrahamwl_protected_by_tso_2, nicolae_vaults_turnstiles,
          nicolae_vaults_six-pack, layout_vaults_omnigrid, uniq_asterion

Skill      XL: |  1  2  3  4  5  6  7  8  9 10 11 12 13 14 15 16 17 18 19 |
---------------+----------------------------------------------------------+-----
Long Blades    | 1 2 3 5 7 9 11 12 14 16 17 18 | 18.2
Dodging        | 2 3 4 6 8 10 11 13 15 16 17 | 17.0
Fighting       | 3 4 5 6 7 9 10 12 13 15 16 17 18 19 20 21 | 21.3
Shields        | 1 5 7 9 11 12 14 | 14.1
Throwing       | 4 6 7 9 11 12 14 | 14.1
Armour         | 3 |  3.0
Invocations    | 3 7 9 10 | 10.9
Short Blades   | |  2.4
Stealth        | |  4.3

Action                     |  1- 3 |  4- 6 |  7- 9 | 10-12 | 13-15 | 16-18 | 19-21 || total
---------------------------+-------+-------+-------+-------+-------+-------+-------++-------
  Melee: Dagger            |    88 |    37 |   401 |   207 |     9 |       |       ||   742
         Punch             |       |       |     1 |       |       |       |       ||     1
         Scimitar          |       |       |       |   603 |   626 |       |       ||  1229
         Tailslap          |       |       |       |     9 |     7 |    51 |       ||    67
         Double sword      |       |       |       |       |   573 |  1102 |   333 ||  2008
  Throw: Dart              |       |    15 |     9 |    44 |    24 |    14 |       ||   106
         Throwing net      |       |       |     1 |       |       |     1 |       ||     2
         Javelin           |       |       |       |    11 |    29 |       |    19 ||    59
         Boomerang         |       |       |       |       |    63 |   132 |    80 ||   275
 Invoke: Heroism           |       |       |       |     4 |     7 |    16 |     5 ||    32
         Receive Weapon    |       |       |       |       |     1 |       |       ||     1
         Receive Armour    |       |       |       |       |     1 |       |       ||     1
         Finesse           |       |       |       |       |       |     4 |     1 ||     5
  Evoke: Wand              |       |     1 |     8 |    12 |     9 |       |     1 ||    31
    Use: Scroll            |       |       |    11 |     9 |    11 |    10 |     3 ||    44
         Potion            |       |       |       |       |       |     1 |     3 ||     4
   Stab: Sleeping          |    11 |     3 |     9 |     5 |    12 |     9 |     2 ||    51
         Distracted        |       |       |       |       |     3 |     5 |     1 ||     9
 Armour: Leather armour    |    40 |    16 |   120 |       |       |       |       ||   176
         Ring mail         |       |       |    42 |     3 |       |       |       ||    45
         Steam dragon scal |       |       |       |   305 |   302 |   235 |    70 ||   912
         Scale mail        |       |       |       |       |    49 |       |    76 ||   125
  Dodge: Dodged            |    28 |    16 |   163 |   505 |   758 |   603 |   249 ||  2322
  Block: Other             |    10 |     9 |    25 |       |       |       |       ||    44
         Kite shield       |       |       |   187 |   784 |  1375 |  1236 |   490 ||  4072
         Reflection        |       |       |     7 |    15 |   122 |   139 |    44 ||   327

Table legend: (Time is in decaauts)
 A = Elapsed time spent in this place.
 B = Non-inter-level travel time spent in this place.
 C = Inter-level travel time spent in this place.
 D = Time resting spent in this place.
 E = Time spent auto-exploring this place.
 F = Levels seen in this place.
 G = Mean time per level.
                   A        B        C        D        E       F      G
               +--------+--------+--------+--------+--------+-----+--------+
         Total |  39849 |  37898 |   1951 |   7887 |  16254 |  33 | 1207.5 |
       Dungeon |  17181 |  16302 |    879 |   2992 |   8463 |  15 | 1145.4 |
        Temple |    213 |    205 |      8 |    167 |      0 |   1 |  213.0 |
          Lair |   7079 |   6657 |    422 |   1084 |   2214 |   5 | 1415.8 |
         Swamp |   3782 |   3663 |    119 |   1085 |   1133 |   4 |  945.5 |
     Snake Pit |   8833 |   8375 |    458 |   2193 |   3179 |   4 | 2208.2 |
  Orcish Mines |   1751 |   1688 |     63 |    214 |    966 |   2 |  875.5 |
        Vaults |    788 |    788 |      0 |    149 |    299 |   1 |  788.0 |
       Ossuary |    218 |    218 |      0 |      0 |      0 |   1 |  218.0 |
               +--------+--------+--------+--------+--------+-----+--------+

Top non-repeatable levels by time:
 Snake:4: 2797 daAuts
    D:14: 2406 daAuts
 Snake:1: 2239 daAuts
 Snake:3: 2214 daAuts
  Lair:2: 1873 daAuts
  Lair:5: 1700 daAuts
     D:9: 1682 daAuts
 Snake:2: 1581 daAuts
  Lair:4: 1489 daAuts
 Swamp:4: 1467 daAuts
    D:13: 1345 daAuts
     D:7: 1341 daAuts
     D:4: 1204 daAuts
    D:15: 1191 daAuts
  Lair:1: 1093 daAuts
